 Dungeon Crawl Stone Soup version 0.24-a0-516-g9de272bb65 (webtiles) character file.

Game seed: 5262247051668126152

34 ivs the Chopper (level 3, -3/19 HPs)
             Began as a Vine Stalker Monk on July 21, 2019.
             Slain by an ooze (5 damage)
             ... on level 3 of the Dungeon.
             The game lasted 00:06:58 (689 turns).

ivs the Chopper (Vine Stalker Monk)                  Turns: 689, Time: 00:06:58

Health: -3/19      AC:  2    Str: 14    XL:     3   Next: 31%
Magic:  0/4        EV: 15    Int: 10    God:
Gold:   65         SH:  0    Dex: 16    Spells: 2/2 levels left

rFire    . . .     SeeInvis .   a - +0 hand axe
rCold    . . .     Gourm    .   (no shield)
rNeg     . . .     Faith    .   b - +0 robe
rPois    .         Spirit   +   (no helmet)
rElec    .         Reflect  .   (no cloak)
rCorr    .         Harm     .   (no gloves)
MR       .....                  (no boots)
Stlth    ++........             (no amulet)
HPRegen  0.06/turn              (no ring)
MPRegen  0.09/turn              (no ring)

@: no status effects
A: fangs 2, repulsion field 1, deterioration 1, screaming 1, magic shield,
antimagic bite, no potion heal 3, rot immunity
a: no special abilities


You were on level 3 of the Dungeon.
You were not hungry.

You visited 1 branch of the dungeon, and saw 3 of its levels.

You collected 65 gold pieces.

Inventory:

Hand Weapons
 a - a +0 hand axe (weapon)
Missiles
 f - 37 stones (quivered)
 i - 8 sling bullets
 k - 23 bolts
Armour
 b - a +0 robe (worn)
Scrolls
 d - 3 scrolls of remove curse {unknown}
 e - 2 scrolls of identify {unknown}
 j - a scroll of immolation {unknown}
 l - 3 scrolls of amnesia {unknown}
 m - a scroll of magic mapping {unknown}
 n - 2 scrolls of fog {unknown}
Potions
 g - a potion of might {unknown}
 h - a potion of mutation
Comestibles
 c - 6 rations


   Skills:
 - Level 2.6 Fighting
 + Level 3.9 Axes
 - Level 2.4 Dodging
 - Level 2.4 Stealth


You had 2 spell levels left.
You didn't know any spells.
Your spell library was empty.

Dungeon Overview and Level Annotations

Branches:
Dungeon (3/15)

Altars:
Gozag
Xom


Innate Abilities, Weirdness & Mutations

You have extremely sharp teeth.
When hurt, damage is shared between your health and your magic reserves.
Your bite disrupts and absorbs the magic of your enemies.
Potions cannot restore your health.
You are immune to rotting.
You are surrounded by a mild repulsion field. (EV +2)
Your body sometimes deteriorates upon taking damage.
You occasionally shout uncontrollably at your foes.


Message History

The jackal closely misses you. The jackal bites you.
You barely miss the jackal. You bite the jackal, but do no damage.
The jackal is heavily wounded.
The jackal barely misses you.
You barely miss the jackal. Your bite misses the jackal.
The jackal is heavily wounded.
The jackal bites you.
* * * LOW HITPOINT WARNING * * *
The jackal closely misses you.
You hit the jackal.
You kill the jackal!
You hit the ooze but do no damage. You bite the ooze, but do no damage.
The ooze hits you.
* * * LOW HITPOINT WARNING * * *
You barely miss the ooze. Your bite misses the ooze. The ooze hits you.
It was a potion of mutation.
You feel extremely strange.
You feel the urge to shout.
You feel yourself wasting away.
You begin to radiate repulsive energy.
The ooze hits you.
You die...

#........h# ## ###
#.......# #####.###..
###..#
..........######...##
#...<.# #.........##
#....####.......#.#
...............#h.#
...#.####......#J##
...............#@#
##################


You could see an ooze and a jackal.

Vanquished Creatures
  A dart slug (D:1)
  A leopard gecko (D:1)
  2 bats (D:2)
  A giant cockroach (D:2)
  3 goblins
  4 hobgoblins
  7 jackals
  2 quokkas (D:2)
  2 frilled lizards
  A kobold (D:2)
  3 rats (D:2)
27 creatures vanquished.

Notes
Turn   | Place    | Note
-------+----------+-------------------------------------------
     0 | D:1      | ivs the Vine Stalker Monk began the quest for the Orb.
     0 | D:1      | Reached XP level 1. HP: 11/11 MP: 2/2
    78 | D:1      | Reached skill level 3 in Axes
   136 | D:1      | Reached XP level 2. HP: 8/16 MP: 1/3
   406 | D:2      | Found a shimmering altar of Xom.
   530 | D:2      | Reached XP level 3. HP: 6/19 MP: 2/4
   568 | D:2      | Found an opulent altar of Gozag.
   689 | D:3      | Gained mutation: You occasionally shout uncontrollably at
                  | your foes. [potion of mutation]
   689 | D:3      | Gained mutation: Your body sometimes deteriorates upon
                  | taking damage. [potion of mutation]
   689 | D:3      | Gained mutation: You are surrounded by a mild repulsion
                  | field. (EV +2) [potion of mutation]
   689 | D:3      | Slain by an ooze

Levels and vault maps discovered:
D:1:      matt_arrival_spirals, layout_loops_ring
D:2:      minmay_recursive_quarters, layout_basic, overflow_temple_1_default,
          xom_teletrap_fun
D:3:      minmay_chambers_of_threes, layout_rooms,
          eat_drink_and_be_merry_uskayaw, grunt_qazlal_clouds,
          serial_co_window_serial, co_window_paths_b, co_window_corner_a,
          co_window_paths_b, co_window_paths_a, co_window_corner_a,
          co_window_corner_a, co_window_paths_a, co_window_broadway_c,
          co_window_corner_b, co_window_corner_b, co_window_2corner,
          co_window_of_opportunity_b, grunt_decor_resistance,
          minmay_fountain_box

Skill      XL: |  1 |
---------------+----+-----
Axes           | 3 |  3.9
Fighting       | |  2.6
Dodging        | |  2.4
Stealth        | |  2.4

Action                   || total
-------------------------++-------
Melee: Hand axe          ||    85
       Bite              ||    26
  Use: Potion            ||     1
 Stab: Sleeping          ||     3
Armor: Robe              ||    11
Dodge: Dodged            ||    55

Table legend:
 A = Non-vault XP
 B = Vault XP
 C = Vault XP percentage of total XP
 D = Non-vault monster count
 E = Vault monster count
 F = Vault count percentage of total count
                 A         B        C        D         E       F
            +---------+---------+-------+---------+---------+-------
      Total |      49 |       0 |   0.0 |      27 |       0 |   0.0
            +---------+---------+-------+---------+---------+-------
        D:1 |      15 |       0 |   0.0 |       7 |       0 |   0.0
        D:2 |      28 |       0 |   0.0 |      17 |       0 |   0.0
        D:3 |       6 |       0 |   0.0 |       3 |       0 |   0.0
            +---------+---------+-------+---------+---------+-------
